 Dungeon Crawl Stone Soup version 0.24.0-125-gc4c63601f3 (webtiles) character file.

Game seed: 1145080766204614231, levelgen mode: deterministic

52 Frank2 the Cudgeler (level 3, -3/28 HPs)
             Began as a Demonspawn Gladiator on Mar 18, 2020.
             Killed from afar by Natasha (8 damage)
             ... with a magic dart
             ... on level 1 of the Dungeon.
             The game lasted 00:01:15 (899 turns).

Frank2 the Cudgeler (Demonspawn Gladiator)           Turns: 899, Time: 00:01:15

Health: -3/28      AC:  5    Str: 14    XL:     3   Next: 60%
Magic:  3/3        EV: 13    Int: 14    God:
Gold:   52         SH:  0    Dex: 15    Spells: 2/2 levels left

rFire    . . .     SeeInvis .   g - +1 mace (protect)
rCold    . . .     Gourm    .   (no shield)
rNeg     . . .     Faith    .   b - +0 leather armour
rPois    .         Spirit   .   c - +1 helmet
rElec    .         Reflect  .   (no cloak)
rCorr    .         Harm     .   (no gloves)
MR       .....                  (no boots)
Stlth    +.........             (no amulet)
HPRegen  0.09/turn              (no ring)
MPRegen  0.08/turn              (no ring)

@: brilliant
A: rot immunity
a: no special abilities


You were on level 1 of the Dungeon.
You were not hungry.

You visited 1 branch of the dungeon, and saw 2 of its levels.

You collected 52 gold pieces.

Inventory:

Hand Weapons
 g - a +1 mace of protection (weapon)
Armour
 b - a +0 leather armour (worn)
 c - a +1 helmet (worn)
Potions
 e - a potion of lignification
Comestibles
 f - a ration


   Skills:
 + Level 2.3 Fighting
 + Level 3.3 Maces & Flails
 - Level 1.7 Throwing
 + Level 1.0 Armour
 + Level 3.2 Dodging


You had 2 spell levels left.
You didn't know any spells.
Your spell library was empty.

Dungeon Overview and Level Annotations

Branches:
Dungeon (2/15)

Altars:

Annotations:
D:1 Natasha


Innate Abilities, Weirdness & Mutations

You are immune to rotting.


Message History

There is a stone staircase leading up here.
Natasha casts a spell.
The white imp gestures at you. The puff of frost hits you.
* * * LOW HITPOINT WARNING * * *
You climb upwards.
The white imp disappears in a puff of smoke!
The crimson imp disappears in a puff of smoke!
The shadow imp disappears in a puff of smoke!
There is a stone staircase leading down here.
Throwing (i - inventory)
d - a throwing net (quivered)
Press: ? - help, Shift-Dir - straight line, f - Natasha
Aim: Natasha You throw a throwing net.
The throwing net closely misses Natasha.
Natasha misses you.
It was a potion of brilliance.
You feel clever all of a sudden. Natasha casts a spell at you.
The magic dart hits you!
You die...

###### ####### ##########....#
##.....###..(....##....#
#....#...#.###.#..#....#
#..#.....#.....#..'....#
#..#.......###.##.#....##
##...........#.......#..#
#.##.##...#.#######.#..#########
#.#.......#.# #@................
##.#.......#.# #h................
#.....##.#.#.# ####.....####.....
....#.#...†#.# #.##.....#.####
......#......######.##.....#.....
###.###.##..........##...........
# #.###.#..#...####......†.##....
# #.....#..#.#...##.####.†.......
#######....#.#.##.##....)..####


You could see Natasha.

Vanquished Creatures
  Natasha (D:2)
  A dart slug (D:1)
  3 leopard geckos
  A giant cockroach (D:1)
  2 goblins (D:1)
  2 hobgoblins (D:1)
  4 jackals (D:1)
  2 bats (D:1)
  2 frilled lizards (D:1)
  2 kobolds (D:1)
  A rat (D:1)
21 creatures vanquished.

Notes
Turn   | Place    | Note
-------+----------+-------------------------------------------
     0 | D:1      | Frank2 the Demonspawn Gladiator began the quest for the
                  | Orb.
     0 | D:1      | Reached XP level 1. HP: 16/16 MP: 1/1
   445 | D:1      | Gained mutation: You are immune to rotting. [demonic
                  | ancestry]
   445 | D:1      | Reached XP level 2. HP: 17/22 MP: 2/2
   844 | D:2      | Noticed Natasha
   869 | D:2      | Noticed a crimson imp
   869 | D:2      | Killed Natasha
   869 | D:2      | Reached skill level 1 in Armour
   869 | D:2      | Reached XP level 3. HP: 10/28 MP: 3/3
   889 | D:2      | Noticed Natasha
   899 | D:1      | Killed from afar by Natasha

Levels and vault maps discovered:
D:1:      scummos_arrival_gate, layout_basic
D:2:      layout_basic, minitemple, st_stairs_8, uniq_sigmund, uniq_robin,
          uniq_natasha

Skill      XL: |  1  2 |
---------------+-------+-----
Dodging        | 3 |  3.2
Maces & Flails | 3 |  3.3
Armour         | 1 |  1.0
Fighting       | |  2.3
Throwing       | |  1.7

Action                   || total
-------------------------++-------
Melee: Flail             ||    15
       Mace              ||    51
Throw: Throwing net      ||     4
  Use: Scroll            ||     3
       Potion            ||     1
Armor: Leather armour    ||    31
Dodge: Dodged            ||    79
